AoeStats
← Ctrl Alt Defeat

Black Forest

507332913Analyzed
4v4 RM · 15d ago on Sep 17, 2026· 56m 24s· 8 players
Game mode
Random Map
Map size
Large (8 player)
Population
200
Speed
Normal
Resources
Standard
Victory
Conquest
Starting age
Dark Age
Ending age
Imperial Age
RankedLock teamsTeams togetherTeam positionsShared explorationLock speedFull tech treeHidden civsTurbo modeCheats
Victory
Defeat
🇺🇸 Tatars · United States
802
+16
🇨🇳 Persians · China
755
+17
🇺🇸 Japanese · United States
710
+19
🇺🇸 Bohemians · United States
650
+22
🇬🇧 Muisca · United Kingdom
841
-21
🇧🇪 Franks · Belgium
825
-46
🇮🇹 Britons · Italy
770
-18
🇮🇹 Teutons · Italy
703
-15
Devislesick
0:35 Loom
15:33 Feudal Age
17:59 Horse Collar
18:20 Double-Bit Axe
21:50 Castle Age
29:42 Bow Saw
30:02 Heavy Plow
33:36 Fletching
33:46 Padded Archer Armor
34:28 Wheelbarrow
33:45 Pikeman
34:37 Gold Mining
34:38 Stone Mining
34:45 Bodkin Arrow
35:00 Forging
34:50 Scale Mail Armor
37:56 Imperial Age
Sneaky Brit
0:34 Loom
11:40 Feudal Age
12:40 Double-Bit Axe
15:46 Horse Collar
20:22 Castle Age
18:52 Stone Mining
21:37 Bow Saw
21:35 Heavy Plow
26:05 Gold Mining
33:27 Imperial Age
31:33 Wheelbarrow
34:22 Elite Temple Guard
35:30 Hand Cart
35:01 Town Watch
35:49 Crop Rotation
36:23 Two-Man Saw
36:01 Gold Shaft Mining
35:51 Squires
35:12 Champi Runner
37:08 Forging
36:59 Scale Mail Armor
36:24 Champi Warrior
37:04 Capped Ram
39:36 Iron Casting
39:17 Chain Mail Armor
38:52 Elite Champi Warrior
40:00 Crossbowman
41:31 Fletching
41:42 Padded Archer Armor
41:07 Arbalester
41:54 Thumb Ring
42:25 Onager
vasia003
0:29 Loom
12:05 Feudal Age
18:57 Castle Age
17:37 Horse Collar
17:53 Double-Bit Axe
24:32 Bow Saw
24:36 Forging
24:31 Scale Barding Armor
29:21 Iron Casting
29:07 Chain Barding Armor
30:09 Heavy Plow
31:12 Town Watch
32:04 Wheelbarrow
34:53 Imperial Age
36:19 Conscription
35:25 Cavalier
37:10 Blast Furnace
36:46 Plate Barding Armor
37:04 Paladin
Ctrl Alt Defeat
21:54 Feudal Age
23:28 Wheelbarrow
22:20 Man-at-Arms
23:17 Double-Bit Axe
23:39 Loom
23:49 Town Watch
31:05 Castle Age
32:15 Hand Cart
31:36 Crossbowman
32:37 Bow Saw
32:20 Gold Mining
32:21 Stone Mining
32:48 Town Patrol
33:11 Squires
35:44 Husbandry
38:58 Pikeman
54:08 Gold Shaft Mining
54:48 Long Swordsman
Husky
13:05 Feudal Age
16:39 Horse Collar
20:31 Castle Age
19:21 Double-Bit Axe
20:17 Forging
22:44 Wheelbarrow
21:55 Loom
24:37 Iron Casting
24:04 Scale Mail Armor
29:41 Caravan
31:13 Hand Cart
35:52 Imperial Age
37:37 Arson
37:15 Pikeman
38:02 Squires
38:25 Scale Barding Armor
38:36 Chain Mail Armor
39:23 Blast Furnace
38:13 Fletching
38:23 Padded Archer Armor
38:54 Halberdier
39:49 Heavy Plow
42:21 Chemistry
43:38 Plate Mail Armor
43:06 Bodkin Arrow
45:40 Chain Barding Armor
46:18 Man-at-Arms
47:29 Long Swordsman
54:34 Two-Handed Swordsman
Booger Flicker X
3:18 Loom
10:04 Feudal Age
10:30 Double-Bit Axe
14:39 Wheelbarrow
17:51 Fishing Lines
21:22 Castle Age
22:24 Bow Saw
21:55 Horse Collar
22:31 Hand Cart
22:07 Gillnets
23:24 Heavy Plow
30:55 Imperial Age
29:06 Scale Barding Armor
29:12 Forging
29:22 Gold Mining
30:21 Chain Barding Armor
30:36 Iron Casting
30:58 Gold Shaft Mining
30:37 Silk Armor
31:12 Bloodlines
31:02 Husbandry
32:46 Blast Furnace
32:21 Plate Barding Armor
32:09 Conscription
31:18 Elite Steppe Lancer
32:23 Fletching
32:41 Town Watch
32:40 Onager
33:39 Timurid Siegecraft
34:26 Crop Rotation
34:15 Heavy Camel Rider
39:33 Bodkin Arrow
39:38 Padded Archer Armor
40:04 Ballistics
40:44 Chemistry
39:31 Treadmill Crane
40:11 Ballistics
40:52 Chemistry
39:54 Murder Holes
40:10 Masonry
40:06 Siege Engineers
40:13 Fortified Wall
39:33 Cavalier
39:37 Light Cavalry
40:26 Bracer
40:41 Leather Archer Armor
40:30 Scale Mail Armor
41:04 Hussar
42:16 Ring Archer Armor
47:08 Coinage
47:50 Banking
56:23 Spies/Treason
alexgolan
0:47 Loom
17:11 Feudal Age
17:35 Horse Collar
17:43 Double-Bit Axe
20:28 Stone Mining
23:14 Wheelbarrow
22:35 Gold Mining
27:58 Castle Age
26:59 Padded Archer Armor
26:59 Scale Mail Armor
26:55 Fletching
28:57 Heavy Plow
29:11 Bow Saw
28:28 Pikeman
30:35 Gold Shaft Mining
30:18 Leather Archer Armor
30:14 Forging
30:37 Elite Skirmisher
32:20 Chain Mail Armor
32:15 Forging
36:27 Bodkin Arrow
39:52 Imperial Age
38:18 Forging
37:53 Treadmill Crane
38:34 Ballistics
38:05 Guard Tower
39:56 Yasama
39:57 Murder Holes
40:13 Masonry
40:10 Elite Samurai
42:06 Two-Man Saw
43:29 Chemistry
43:05 Keep
43:43 Plate Mail Armor
43:49 Iron Casting
43:45 Ring Archer Armor
43:21 Squires
44:18 Conscription
45:45 Hoardings
47:35 Blast Furnace
51:21 Bracer
34542180
11:26 Feudal Age
9:42 Loom
11:55 Double-Bit Axe
14:47 Horse Collar
22:11 Castle Age
20:22 Fishing Lines
27:06 Wheelbarrow
26:44 Gillnets
28:38 Hand Cart
28:14 Town Watch
32:38 Imperial Age
30:55 Town Patrol
32:04 Gold Mining
32:25 Bow Saw
32:19 Heavy Plow
32:16 Stone Mining
33:04 Forging
32:55 Scale Mail Armor
33:22 Citadels
33:33 Conscription
33:00 Heavy Scorpion
37:40 Two-Man Saw
37:15 Crop Rotation
37:28 Gold Shaft Mining
37:30 Stone Shaft Mining
37:51 Elite War Elephant
38:26 Pikeman
38:53 Gambesons
39:09 Squires
39:20 Scale Barding Armor
40:20 Caravan
42:45 Iron Casting
45:28 Chemistry
44:49 Ballistics
44:54 Chain Barding Armor
45:35 Blast Furnace
Connection lost

Rejoining the realm…

Still unreachable

The connection could not be restored.

Session expired

The server has moved on; the page needs a fresh start.